 Dungeon Crawl Stone Soup version 0.31.0-11-ge490571c62 (webtiles) character file.

Game seed: 16833850407697996026

141926 player the Sorcerer (level 16, -14/84 HPs)
             Began as a Deep Elf Necromancer on Jan 31, 2024.
             Was the Champion of Kikubaaqudgha.
             Demolished by a +4 war axe of flaming (17 damage)
             ... on level 1 of the Elven Halls on Feb 1, 2024.
             The game lasted 04:23:20 (25582 turns).

player the Sorcerer (Deep Elf Necromancer)         Turns: 25582, Time: 04:23:24

Health: -14/84     AC:  9    Str:  7    XL:     16   Next: 79%
Magic:  28/43      EV: 21    Int: 34    God:    Kikubaaqudgha [******]
Gold:   1732       SH:  6    Dex: 28    Spells: 10/57 levels left

rFire   . . .        i - +10 sling "Jellybane" {freeze, ^Contam +Blink Dex+9 Stlth-}
rCold   . . .        R - +0 buckler
rNeg    . . .        K - +1 robe of Vines {NoPotionHeal Regen++++}
rPois   .            e - +0 mask of the Dragon {Will+ Slay+3 SInv}
rElec   .            M - scarf of Impatience {repulsion, *Slow Str+3}
rCorr   .            Q - +0 pair of gloves
SInv    +            F - +0 pair of boots
Will    ++...        y - amulet of regeneration
Stlth   +++          A - +4 ring of protection
HPRegen 4.34/turn    S - +6 ring of intelligence
MPRegen 0.28/turn

%: slow self (1%), repel missiles
@: forested, on blink cooldown, animating dead, studying Axes
A: agile 1, sense surroundings 1, wild magic 1
a: Renounce Religion, Evoke Blink, Unearth Wretches, Torment


You were on level 1 of the Elven Halls.
You worshipped Kikubaaqudgha.
Kikubaaqudgha was exalted by your worship.
You visited 5 branches of the dungeon, and saw 24 of its levels.
You also visited: Bailey and Ice Cave.

You collected 3097 gold pieces.
You spent 1365 gold pieces at shops.

Inventory:

Hand Weapons
 h - a +1 arbalest of draining
 i - the +10 sling "Jellybane" (weapon) {freeze, ^Contam +Blink Dex+9 Stlth-}
   (You found it on level 4 of the Dungeon)

   Dex+9:     It affects your dexterity (+9).
   +Blink:    It lets you blink.
   ^Contam:   It causes magical contamination when unequipped.
   Stlth-:    It makes you less stealthy.
Armour
 d - a +0 robe of resistance
 e - the +0 mask of the Dragon (worn) {Will+ Slay+3 SInv}
   (You bought it in a shop on level 3 of the Dungeon)

   Slay+3:    It affects your accuracy & damage with ranged weapons and melee
   (+3).
   Will+:     It increases your willpower.
   SInv:      It lets you see invisible.
 k - the +1 ring mail of Classification {rElec rPois Regen+ Str+4}
   (You found it on level 3 of the Lair of Beasts)

   Str+4:     It affects your strength (+4).
   rElec:     It insulates you from electricity.
   rPois:     It protects you from poison Regen+: It increases your rate of
   health regeneration.
 F - a +0 pair of boots (worn)
 K - the +1 robe of Vines (worn) {NoPotionHeal Regen++++}
   (You found it on level 5 of the Lair of Beasts)

   NoPotionHeal: Its wearer cannot be healed by potions.
   Regen++++: It increases your rate of health regeneration.
 M - the scarf of Impatience (worn) {repulsion, *Slow Str+3}
   (You found it on level 9 of the Dungeon)

   Str+3:     It affects your strength (+3).
   *Slow:     It may slow you when you take damage.
 O - a +1 troll leather armour
 Q - a +0 pair of gloves (worn)
 R - a +0 buckler (worn)
Magical Staves
 G - the staff "Cufisaeb" {rCorr Conj}
   (You found it on level 8 of the Dungeon)

   [staff of conjuration]

   Base accuracy: +5 Base damage: 5 Base attack delay: 1.2 This weapon's minimum
   attack delay (0.6) is reached at skill level 12.
   rCorr:     It protects you from acid and corrosion.
   Conj:      It increases the power of your Conjurations spells.
   It falls into the 'Staves' category.
   It is a one-handed weapon.
Jewellery
 y - an amulet of regeneration (around neck)
 A - a +4 ring of protection (left hand)
 C - a ring of ice
 L - a ring of resist corrosion
 S - a +6 ring of intelligence (right hand)
 T - a ring of fire
 W - a ring of magical power
Wands
 r - a wand of roots (9)
 t - a wand of flame (48)
 w - a wand of polymorph (10)
 B - a wand of acid (4)
 J - a wand of mindburst (15)
 N - a wand of digging (8)
 V - a wand of paralysis (3)
Scrolls
 a - 5 scrolls of fog
 f - 6 scrolls of teleportation
 l - 2 scrolls of silence
 o - a scroll of vulnerability
 p - 5 scrolls of blinking
 s - 2 scrolls of immolation
 E - 6 scrolls of fear
 I - a scroll of torment
 X - a scroll of enchant armour
Potions
 b - 2 potions of magic
 c - 5 potions of enlightenment
 g - 7 potions of curing
 m - 4 potions of might
 n - 2 potions of ambrosia
 q - a potion of cancellation
 u - 9 potions of heal wounds
 v - a potion of invisibility
 x - 5 potions of mutation
 z - a potion of berserk rage
 D - 6 potions of haste
 H - a potion of resistance
 P - 2 potions of lignification
 U - 2 potions of brilliance
Miscellaneous
 j - a phial of floods
 Y - a condenser vane
 Z - a sack of spiders


   Skills:
 - Level 4.0 Fighting
 - Level 14.0 Ranged Weapons
 - Level 10.0 Dodging
 - Level 6.0 Stealth
 - Level 2.0 Shields
 + Level 21.1 Spellcasting
 - Level 2.0 Conjurations
 - Level 8.0 Hexes
 - Level 14.0 Summonings
 - Level 16.0 Necromancy
 - Level 4.0 Translocations
 - Level 2.0 Fire Magic
 - Level 2.0 Ice Magic
 - Level 8.0 Air Magic
 - Level 2.0 Earth Magic
 - Level 2.0 Alchemy
 - Level 4.0 Evocations


You had 10 spell levels left.
You knew the following spells:

 Your Spells              Type           Power      Damage    Failure   Level
a - Haunt                 Necr/Summ      54%        N/A       4%          7
b - Animate Dead          Necr           100%       N/A       1%          4
c - Swiftness             Air            87%        N/A       1%          3
d - Summon Cactus Giant   Summ           53%        N/A       1%          6
e - Martyr's Knell        Necr/Summ      100%       N/A       1%          4
f - Dispel Undead         Necr           100%       3d31      1%          4
g - Vampiric Draining     Necr           100%       2d13      1%          3
h - Summon Forest         Summ/Tloc      45%        N/A       1%          5
i - Tukima's Dance        Hex            87%        N/A       1%          3
j - Dimensional Bullseye  Hex/Tloc       39%        N/A       2%          4
k - Anguish               Hex/Necr       50%        N/A       1%          4

Your spell library contained the following spells:

 Spells                   Type           Power      Damage    Failure   Level
 Apportation              Tloc           100%       N/A       1%          1
 Kiss of Death            Conj/Necr      100%       2d13      1%          1
 Necrotise                Necr           100%       1d9       1%          1
 Shock                    Conj/Air       100%       1d9       1%          1
 Ensorcelled Hibernation  Hex/Ice        100%       N/A       1%          2
 Jinxbite                 Hex            100%       N/A       1%          2
 Lesser Beckoning         Tloc           100%       N/A       1%          2
 Scorch                   Fire           100%       2d9       1%          2
 Confusing Touch          Hex            87%        N/A       1%          3
 Fugue of the Fallen      Necr           100%       N/A       1%          3
 Gell's Gravitas          Tloc           70%        N/A       1%          3
 Inner Flame              Hex/Fire       74%        N/A       1%          3
 Summon Ice Beast         Ice/Summ       87%        N/A       1%          3
 Teleport Other           Tloc           70%        N/A       1%          3
 Airstrike                Air            43%        2d(7-23)  1%          4
 Borgnjor's Vile Clutch   Necr/Erth      45%        N/A       1%          5
 Curse of Agony           Necr           100%       N/A       1%          5
 Volatile Blastmotes      Fire/Tloc      100%       2d18      2%          3
 Vhi's Electric Charge    Tloc/Air       100%       N/A       2%          4
 Passwall                 Erth           59%        N/A       3%          3
 Manifold Assault         Tloc           70%        N/A       4%          4
 Summon Hydra             Summ           53%        N/A       6%          7
 Iskenderun's Mystic Bla  Conj/Tloc      65%        2d13      7%          4
 Flame Wave               Conj/Fire      59%        2d14      10%         4
 Fulminant Prism          Conj/Alch      29%        3d14      10%         4
 Sticky Flame             Fire/Alch      59%        2d10      10%         4
 Freezing Cloud           Conj/Ice/Air   35%        6-21      12%         5
 Borgnjor's Revivificati  Necr           56%        N/A       19%         8
 Infestation              Necr           56%        N/A       19%         8
 Alistair's Intoxication  Alch           39%        N/A       24%         5
 Plasma Beam              Fire/Air       37%        2x1d50    34%         6
 Dispersal                Tloc           35%        N/A       47%         6
 Eringya's Noxious Bog    Alch           29%        4d6       75%         6
 Death's Door             Necr           56%        N/A       93%         9
 Disjunction              Tloc           35%        N/A       100%        8
 Polar Vortex             Ice            29%        12d3*     100%        9


Dungeon Overview and Level Annotations

Branches:
Dungeon (15/15)            Temple (1/1) D:6            Lair (5/5) D:11
  Swamp (0/4) Lair:2       Spider (0/4) Lair:3        Slime (0/5) Lair:5
    Orc (2/2) D:11            Elf (1/3) Orc:2        Vaults (0/5) D:14
 Depths (0/4) D:15         Bailey (visited)           IceCv (visited)

Altars:
Ashenzari
Cheibriados
Dithmenos
Elyvilon
Fedhas
Gozag
Hepliaklqana
Kikubaaqudgha
Makhleb
Nemelex Xobeh
Okawaru
Qazlal
Ru
Sif Muna
Trog
Uskayaw
Vehumet
Wu Jian
Xom
Yredelemnul
Zin
The Shining One
Ignis
Jiyva

Shops:
D:3 [   D:4 *   D:14 [   Orc:2 *((*

Portals:
Hell: Lair:5

Annotations:
D:10 3 runed translucent doors, RancidPinata's ghost, weakling OpDe
Lair:5 1 runed translucent door, Jeban's ghost, journeyman OpFi


Innate Abilities, Weirdness & Mutations

You are agile. (Dex +4, Str/Int -1)
You passively map a small area around you.
Your spells are a little harder to cast, but a little more powerful.


Message History

The sling bullet freezes the +4 war axe of flaming.
The +4 war axe of flaming is severely damaged.
The +4 war axe of flaming hits you! The +4 war axe of flaming burns you.
The +4 war axe of flaming hits your orc high priest zombie!
The +4 war axe of flaming burns your orc high priest zombie.
Your orc high priest zombie misses the +4 war axe of flaming.
The +4 war axe of flaming hits you! The +4 war axe of flaming burns you.
* * * LOW HITPOINT WARNING * * *
The +4 war axe of flaming hits your orc high priest zombie!
The +4 war axe of flaming burns your orc high priest zombie.
Casting: Anguish (safe; 1% risk of failure)
Confirm with . or Enter, or press ? or * to list all spells.
Okay, then.
You fail to use your ability.
The +4 war axe of flaming hits you!
* * * LOW HITPOINT WARNING * * *
The +4 war axe of flaming burns you.
* * * LOW HITPOINT WARNING * * *
The +4 war axe of flaming hits your orc high priest zombie!
The +4 war axe of flaming burns your orc high priest zombie.
Your orc high priest zombie closely misses the +4 war axe of flaming.
You blink.
A deep elf zephyrmancer comes into view.
It is wielding a +0 long sword.
The deep elf zephyrmancer shouts!
Casting: Anguish (safe; 1% risk of failure)
Confirm with . or Enter, or press ? or * to list all spells.
A forested plane collides here with a resounding crunch!
Your dryad calls out to the forest.
The forest starts to sway and rumble!
You hear a shout!
The deep elf zephyrmancer mumbles some strange words.
The deep elf zephyrmancer blinks!
You swap places.
The +4 war axe of flaming hits you!!
* * * LOW HITPOINT WARNING * * *
The +4 war axe of flaming burns you.
* * * LOW HITPOINT WARNING * * *
The +4 war axe of flaming hits your dryad!
The +4 war axe of flaming burns your dryad!
The +4 war axe of flaming hits you!
You die...
Kikubaaqudgha rasps: "You have failed me!
Welcome... death!"

#.# , ,
#.. ♣.# *
, *#..
♣§# , #..
♣.# , ,
#.. #.# *
#.. #.#
** ##.
♣.# #. *
##
♣♣'♣###.♣
#
♣..R@.'#*
* *
##..(..#♣
+
♣.......♣
♣...Z...#
#....Z.>♣
, ,
♣#...Z.##
*, ,
#...))♣
,*
♣#♣♣#)##
... ##Z##
*#'#*


You could see a +4 war axe of flaming (ally target), a friendly dryad
(summoned), a friendly orc warrior zombie, a friendly orc high priest zombie and
a friendly troll zombie.

Vanquished Creatures
  2 frost giants
  A very ugly thing (D:15)
  A stone giant (D:12)
  2 vault guards (Bailey)
  7 hydras
  A catoblepas (Lair:2)
  A boulder beetle (D:11)
  Erica (D:11)
  7 centaur warriors
  A tengu warrior (D:11)
  3 two-headed ogres
  A dancing weapon (Elf:1)
  7 death yaks
  An occultist (Lair:5)
  An orc high priest (Orc:2)
  A sun demon (Lair:5)
  2 hell knights (D:10)
  An orc knight (Orc:2)
  4 deep elf pyromancers
  4 deep elf archers
  3 oklob plants
  Pikel (D:5)
  A deep elf zephyrmancer (Elf:1)
  An ugly thing (IceCv)
  3 cyclopes
  5 manticores
  2 wolf spiders
  2 elephants (Lair:3)
  3 black mambas
  6 centaur zombies (D:10)
  A smoke demon (Lair:5)
  A torpor snail (Lair:1)
  An unseen horror (D:11)
  8 cane toads
  A freezing wraith (D:15)
  6 komodo dragons
  5 rime drakes
  3 efreet
  A kobold demonologist (D:12)
  An ice devil (Lair:5)
  A red devil (Lair:5)
  6 trolls
  A troll (shapeshifter) (D:14)
  Prince Ribbit (Bailey)
  Grinder (D:3)
  4 polar bears
  3 nameless horrors
  15 blink frogs
  Sigmund (D:5)
  A spriggan (shapeshifter) (D:13)
  4 wyverns
  2 wraiths
  8 slime creatures
  3 vampires
  A shadow (D:10)
  2 humans (Bailey)
  6 fire bats (D:10)
  17 yaks
  Grum (D:9)
  7 vampire mosquitoes
  2 basilisks
  2 steam dragons
  An acid dragon (D:11)
  10 water moccasins
  14 orc warriors
  4 black bears
  3 sky beasts
  21 wolves
  5 centaurs
  A phantom (D:3)
  2 lemures (D:5)
  2 kobold brigands
  16 bullfrogs
  7 gnoll sergeants
  2 scorpions
  6 wights
  5 killer bees
  3 howler monkeys (D:9)
  2 bombardier beetles
  3 hounds
  A jelly (D:5)
  7 orc priests
  A gnoll bouda (D:8)
  A sleepcap (D:8)
  An iguana (D:5)
  15 orc wizards
  A hell rat (Lair:5)
  Robin (D:2)
  10 gnolls
  10 adders
  A shadow imp (D:8)
  4 white imps
  A dart slug (D:12)
  A ribbon worm (D:2)
  58 orcs
  5 ball pythons
  3 endoplasms
  5 giant cockroaches
  18 goblins
  10 hobgoblins
  5 jackals
  A quokka (D:1)
  9 bats
  2 frilled lizards
  16 kobolds
  A rat (D:3)
488 creatures vanquished.

Vanquished Creatures (collateral kills)
  Jorgrun (D:12)
  2 orc warlords (Orc:1)
  2 deep elf death magi (Elf:1)
  A dire elephant (D:15)
  A yaktaur captain (D:12)
  3 hydras
  The ghost of AutarchDCSS the Spear-Bearer, a journeyman MfSh of Gozag (Lair:1)
  A catoblepas (Lair:4)
  3 centaur warriors
  An ogre mage (D:14)
  9 two-headed ogres
  2 boulder beetles
  6 dancing weapons (Elf:1)
  12 death yaks
  5 orc high priests
  4 deep elf knights (Elf:1)
  A goliath frog (Lair:2)
  2 deep elf archers (Elf:1)
  6 orc knights
  5 ugly things
  8 deep elf pyromancers
  An oklob plant (Lair:5)
  An orc sorcerer (D:15)
  A wolf spider (D:15)
  6 deep elf zephyrmancers (Elf:1)
  5 cyclopes
  4 meliai
  Joseph (Lair:1)
  A manticore (D:15)
  3 slime creatures
  A centaur zombie (D:10)
  2 black mambas
  An elephant (Lair:3)
  An ice statue (IceCv)
  An orange demon (Lair:5)
  5 cane toads
  A torpor snail (Lair:1)
  An efreet (D:14)
  7 rime drakes
  A tengu conjurer (D:13)
  3 ice devils (Lair:5)
  4 komodo dragons
  3 polar bears
  3 trolls (D:11)
  The ghost of Daunt the Shooter, an amateur DgSh (D:4)
  A polar bear (shapeshifter) (D:14)
  8 blink frogs
  3 hornets (Lair:2)
  5 dream sheep (Lair:5)
  3 wyverns
  2 culicivoras (Lair:3)
  26 yaks
  A water elemental (Elf:1)
  A fire elemental (Elf:1)
  2 basilisks
  4 wargs (Orc:1)
  2 vampire mosquitoes (D:11)
  3 hell hounds (Lair:5)
  7 water moccasins
  26 orc warriors
  An ice beast (D:4)
  2 laughing skulls (D:15)
  9 wolves
  6 ogres
  4 centaurs
  12 bullfrogs
  2 gnoll sergeants
  A warg zombie (Orc:1)
  An electric eel (Lair:1)
  A howler monkey (D:9)
  31 orc priests
  A water moccasin simulacrum (D:4)
  3 orc wizards
  A bullfrog simulacrum (D:4)
  2 scorpion simulacra (D:4)
  3 adders (Lair:2)
  7 gnolls
  11 white imps
  3 adder simulacra (D:4)
  40 orcs
  An endoplasm (D:1)
  A goblin (Bailey)
  A kobold (D:9)
  An orc zombie (Orc:1)
373 creatures vanquished.

Vanquished Creatures (others)
  A deep elf knight (Elf:1)
  A goliath frog zombie (Lair:2)
  A deep elf archer (Elf:1)
  An orc knight (Orc:2)
  An ugly thing zombie (D:15)
  A deep elf pyromancer (Elf:1)
  2 deep elf zephyrmancers (Elf:1)
  A wolf spider zombie (D:12)
  A stone giant zombie (D:12)
  A dwarf zombie (D:12)
  4 centaur zombies
  A yaktaur zombie (D:12)
  5 death yak zombies (IceCv)
  2 hydra zombies
  4 meliai zombies
  3 black mamba zombies
  2 tengu zombies
  14 elf zombies
  4 cane toad zombies
  A two-headed ogre zombie (D:11)
  5 orc warriors
  A hornet zombie (Lair:2)
  10 blink frog zombies
  3 elephant zombies (Lair:3)
  5 dream sheep zombies (Lair:5)
  2 manticore zombies
  6 rime drake zombies
  A bullfrog (D:4)
  3 komodo dragon zombies
  4 cyclops zombies
  6 water moccasin zombies
  3 troll zombies (D:11)
  3 polar bear zombies (IceCv)
  12 yak zombies
  A howler monkey (D:11)
  21 wolf zombies
  10 bullfrog zombies
  An orc priest (Orc:2)
  2 human zombies (Bailey)
  A black bear zombie (D:11)
  A scorpion zombie (D:10)
  A killer bee zombie (D:10)
  An acid dragon zombie (D:11)
  An ogre zombie (Orc:1)
  A hell rat zombie (Lair:5)
  A steam dragon zombie (D:11)
  2 adder zombies
  6 orcs
  A bombardier beetle zombie (D:4)
  A dart slug zombie (D:12)
  13 gnoll zombies
  4 goblin zombies
  A hobgoblin zombie (Bailey)
  69 orc zombies
  4 snaplasher vines
258 creatures vanquished.

Grand Total: 1119 creatures vanquished

Notes
Turn   | Place    | Note
-------+----------+-------------------------------------------
     0 | D:1      | player the Deep Elf Necromancer began the quest for the
                  | Orb.
     0 | D:1      | Reached XP level 1. HP: 10/10 MP: 6/6
   306 | D:2      | Reached XP level 2. HP: 15/15 MP: 6/8
   501 | D:2      | Reached skill level 5 in Necromancy
   581 | D:2      | Noticed Robin
   613 | D:2      | Killed Robin
   614 | D:2      | Reached XP level 3. HP: 19/19 MP: 0/10
   619 | D:2      | Reached skill level 4 in Spellcasting
  1327 | D:3      | Noticed Grinder
  1331 | D:3      | Paralysed by Grinder for 3 turns
  1363 | D:3      | Paralysed by Grinder for 2 turns
  1647 | D:4      | Reached skill level 1 in Summonings
  1647 | D:4      | Reached XP level 4. HP: 24/24 MP: 7/12
  1789 | D:4      | Found a runed translucent gate.
  1789 | D:4      | Found a runed translucent gate.
  1789 | D:4      | Found a runed translucent gate.
  1878 | D:4      | Identified the +10 sling "Jellybane" {freeze, ^Contam
                  | +Blink Dex+9 Stlth-}
  1930 | D:4      | Found Mololl's Assorted Antiques.
  2189 | D:4      | Noticed a phantom
  2246 | D:3      | Gained mutation: Your spells are a little harder to cast,
                  | but a little more powerful. [potion of mutation]
  2246 | D:3      | Gained mutation: You passively map a small area around you.
                  | [potion of mutation]
  2246 | D:3      | Gained mutation: You are agile. (Dex +4, Str/Int -1)
                  | [potion of mutation]
  2445 | D:4      | Noticed Daunt's ghost (amateur DgSh)
  2445 | D:4      | Noticed an ice beast
  2664 | D:5      | Entered Level 5 of the Dungeon
  2689 | D:5      | Found a shadowy altar of Dithmenos.
  2712 | D:5      | Noticed a black bear
  2718 | D:5      | Killed a black bear
  2719 | D:5      | Reached XP level 5. HP: 28/28 MP: 9/13
  2765 | D:5      | Noticed Sigmund
  2767 | D:5      | Killed Sigmund
  2768 | D:5      | Reached skill level 5 in Ranged Weapons
  2768 | D:5      | Reached XP level 6. HP: 32/32 MP: 14/14
  2952 | D:5      | Noticed Pikel
  2960 | D:5      | Killed Pikel
  2961 | D:5      | Reached XP level 7. HP: 36/36 MP: 15/15
  3112 | D:5      | Reached XP level 8. HP: 41/41 MP: 16/16
  3627 | D:5      | Found an ancient bone altar of Kikubaaqudgha.
  3627 | D:5      | Found a hazy altar of Hepliaklqana.
  3637 | D:5      | Became a worshipper of Kikubaaqudgha
  3936 | D:3      | Reached skill level 5 in Dodging
  4397 | D:3      | Found Peholy's Antique Armour Emporium.
  4423 | D:3      | Killed Grinder
  4424 | D:3      | Reached skill level 10 in Ranged Weapons
  4490 | D:3      | Found a faded altar of an unknown god.
  5090 | D:3      | Bought an embroidered robe for 107 gold pieces
  5297 | D:6      | Learned a level 4 spell: Animate Dead
  5301 | D:6      | Learned a level 3 spell: Swiftness
  5308 | D:6      | Learned a level 6 spell: Summon Cactus Giant
  5368 | D:6      | Found a sparkling altar of Nemelex Xobeh.
  5368 | D:6      | Found a shimmering blue altar of Sif Muna.
  5386 | D:6      | Found a basalt altar of Yredelemnul.
  5401 | D:6      | Found a bloodstained altar of Trog.
  5597 | D:6      | Found a staircase to the Ecumenical Temple.
  5605 | Temple   | Entered the Ecumenical Temple
  5947 | D:7      | Reached * piety under Kikubaaqudgha
  5947 | D:7      | Received a gift from Kikubaaqudgha
  6139 | D:7      | Reached XP level 9. HP: 45/45 MP: 17/17
  6676 | D:8      | Identified the staff "Cufisaeb" {rCorr Conj}
  6865 | D:8      | Found a white marble altar of Elyvilon.
  6915 | D:8      | Reached skill level 10 in Dodging
  6937 | D:8      | Reached ** piety under Kikubaaqudgha
  7312 | D:9      | Noticed Grum
  7341 | D:9      | Killed Grum
  7458 | D:9      | Reached XP level 10. HP: 50/50 MP: 18/18
  7468 | D:9      | Identified the scarf of Impatience {repulsion, *Slow Str+3}
  7507 | D:9      | Your ally Grum died
  7509 | D:9      | Reached skill level 1 in Fighting
  7627 | D:9      | Reached *** piety under Kikubaaqudgha
  7627 | D:9      | Received a gift from Kikubaaqudgha
  7841 | D:9      | Noticed a deep elf pyromancer
  7849 | D:9      | Noticed a two-headed ogre
  7863 | D:9      | Killed a deep elf pyromancer
  7987 | D:10     | Entered Level 10 of the Dungeon
  8007 | D:10     | Found a snail-covered altar of Cheibriados.
  8092 | D:10     | Found a runed translucent gate.
  8092 | D:10     | Found a runed translucent gate.
  8093 | D:10     | Found a runed translucent gate.
  8093 | D:10     | Found an opulent altar of Gozag.
  8096 | D:10     | Noticed RancidPinata's ghost (weakling OpDe)
  8096 | D:10     | Noticed a wolf spider
  8098 | D:10     | Found a broken altar of Ashenzari.
  8147 | D:10     | Reached skill level 1 in Air Magic
  8265 | D:10     | Noticed a centaur warrior
  8278 | D:10     | Killed a centaur warrior
  8279 | D:10     | Reached skill level 5 in Summonings
  8279 | D:10     | Reached XP level 11. HP: 32/61 MP: 12/19
  8295 | D:10     | Got Pumof's Spellbook of Ozone
  8338 | D:10     | Noticed a centaur warrior
  8373 | D:10     | Noticed a two-headed ogre
  8386 | D:10     | Killed a two-headed ogre
  8533 | D:10     | Noticed a hell knight
  8533 | D:10     | Noticed a centaur warrior
  8534 | D:10     | Found a candlelit altar of Ignis.
  8534 | D:10     | Noticed a centaur warrior
  8556 | D:10     | Found a flagged portal.
  8575 | Bailey   | Entered a bailey
  8652 | Bailey   | Learned a level 4 spell: Martyr's Knell
  8687 | Bailey   | Reached **** piety under Kikubaaqudgha
  8745 | Bailey   | Noticed Prince Ribbit
  8745 | Bailey   | Noticed a vault guard
  8758 | Bailey   | Killed a vault guard
  8759 | Bailey   | Reached skill level 5 in Air Magic
  8765 | Bailey   | Killed Prince Ribbit
  8807 | Bailey   | Noticed a vault guard
  8822 | Bailey   | Killed a vault guard
  9011 | D:10     | Found an iron altar of Okawaru.
  9232 | D:10     | Reached skill level 10 in Necromancy
  9257 | D:10     | Killed a hell knight
  9344 | D:10     | Killed a centaur warrior
  9345 | D:10     | Reached skill level 5 in Spellcasting
  9521 | D:10     | Killed a centaur warrior
  9522 | D:10     | Reached XP level 12. HP: 59/66 MP: 17/22
  9598 | D:10     | Reached skill level 6 in Spellcasting
  9621 | D:10     | Killed a centaur warrior
  9622 | D:10     | Reached skill level 7 in Spellcasting
  9818 | D:10     | Learned a level 4 spell: Dispel Undead
  9822 | D:10     | Learned a level 3 spell: Vampiric Draining
  9845 | D:11     | Noticed a two-headed ogre
  9858 | D:11     | Noticed a two-headed ogre
  9861 | D:11     | Killed a two-headed ogre
  9862 | D:11     | Reached skill level 8 in Spellcasting
  9864 | D:11     | Killed a two-headed ogre
  9867 | D:11     | Reached skill level 9 in Spellcasting
  9867 | D:11     | Reached skill level 10 in Summonings
  9873 | D:11     | Noticed a six-headed hydra
  9875 | D:11     | Noticed a tengu warrior
  9878 | D:11     | Killed a six-headed hydra
  9880 | D:11     | Reached ***** piety under Kikubaaqudgha
  9881 | D:11     | Reached skill level 10 in Spellcasting
  9882 | D:11     | Killed a tengu warrior
  9894 | D:11     | Noticed a two-headed ogre
  9898 | D:11     | Killed a two-headed ogre
  9900 | D:11     | Noticed a two-headed ogre
  9909 | D:11     | Killed a two-headed ogre
  9917 | D:11     | Noticed Erica
  9936 | D:11     | Killed Erica
  9936 | D:11     | Noticed a boulder beetle
 10026 | D:10     | Learned a level 5 spell: Summon Forest
 10068 | D:11     | Killed a boulder beetle
 10069 | D:11     | Reached skill level 1 in Translocations
 10262 | D:11     | Found a staircase to the Orcish Mines.
 10363 | D:11     | Found a staircase to the Lair.
 10885 | D:4      | Killed Daunt's ghost
 11358 | D:11     | Reached XP level 13. HP: 70/70 MP: 16/29
 11477 | Lair:1   | Entered Level 1 of the Lair of Beasts
 11509 | Lair:1   | Reached skill level 1 in Evocations
 11587 | Lair:1   | Found a runed translucent gate.
 11587 | Lair:1   | Found a runed translucent gate.
 11587 | Lair:1   | Found a runed translucent gate.
 11588 | Lair:1   | Noticed AutarchDCSS's ghost (journeyman MfSh)
 11636 | Lair:1   | Noticed Joseph
 11645 | Lair:1   | Killed Joseph
 12405 | Lair:2   | Found a staircase to the Swamp.
 13842 | Lair:3   | Reached XP level 14. HP: 76/76 MP: 19/30
 13857 | Lair:3   | Found a hole to the Spider Nest.
 13969 | Lair:3   | Reached skill level 5 in Stealth
 14548 | Lair:3   | Identified the +1 ring mail of Classification {rElec rPois
                  | Regen+ Str+4}
 14835 | Lair:4   | Reached skill level 1 in Hexes
 14845 | Lair:4   | Reached skill level 1 in Fire Magic
 14845 | Lair:4   | Reached skill level 1 in Ice Magic
 14857 | Lair:4   | Reached skill level 1 in Conjurations
 14857 | Lair:4   | Reached skill level 1 in Earth Magic
 14857 | Lair:4   | Reached skill level 1 in Alchemy
 15672 | Lair:5   | Entered Level 5 of the Lair of Beasts
 15819 | Lair:5   | Found a staircase to the Slime Pits.
 15819 | Lair:5   | Found a viscous altar of Jiyva.
 15849 | Lair:5   | Found the +1 robe of Vines {NoPotionHeal Regen++++}
 15867 | Lair:5   | Reached skill level 15 in Necromancy
 16021 | Lair:5   | Found a runed translucent door.
 16114 | Lair:5   | Reached ****** piety under Kikubaaqudgha
 16269 | Lair:5   | Found a burning altar of Makhleb.
 16339 | Lair:5   | Found a gateway to Hell.
 16523 | Lair:5   | Noticed Jeban's ghost (journeyman OpFi)
 17107 | D:3      | Bought the +0 mask of the Dragon {Will+ Slay+3 SInv} for
                  | 968 gold pieces
 17107 | D:3      | Found the +0 mask of the Dragon {Will+ Slay+3 SInv}
 17168 | D:4      | Bought a brightly glowing scarf for 290 gold pieces
 17168 | D:4      | Identified the scarf "Pagilira" {harm, +Blink Str+2} (You
                  | bought it in a shop on level 4 of the Dungeon)
 17179 | D:4      | Learned a level 3 spell: Tukima's Dance
 17668 | Lair:1   | Killed AutarchDCSS's ghost
 17945 | D:12     | Reached skill level 1 in Shields
 17954 | D:12     | Noticed Jorgrun
 17990 | D:12     | Killed Jorgrun
 17991 | D:12     | Reached XP level 15. HP: 80/80 MP: 23/31
 18221 | D:12     | Your ally Jorgrun died
 18413 | D:12     | Reached skill level 11 in Spellcasting
 18845 | D:13     | You fall into a shaft and drop 1 floor!
 19005 | D:14     | Reached skill level 5 in Hexes
 19475 | D:13     | Found a frozen archway.
 19503 | IceCv    | Entered an ice cave
 19649 | IceCv    | Reached skill level 12 in Spellcasting
 19900 | IceCv    | Noticed a frost giant
 19908 | IceCv    | Reached skill level 13 in Spellcasting
 19968 | IceCv    | Killed a frost giant
 20045 | IceCv    | Got the Atlas of the Glacier
 20735 | D:14     | Reached skill level 14 in Spellcasting
 20750 | D:14     | Noticed a frost giant
 20766 | D:14     | Killed a frost giant
 20822 | D:14     | Received a gift from Kikubaaqudgha (forbidden knowledge)
 20831 | D:14     | Learned a level 7 spell: Haunt
 20946 | D:14     | Found Capeygap's Armour Boutique.
 21045 | D:14     | Reached skill level 15 in Spellcasting
 21338 | D:14     | Found a gate to the Vaults.
 21587 | D:15     | Entered Level 15 of the Dungeon
 21725 | D:15     | Reached skill level 16 in Spellcasting
 22201 | D:15     | Reached XP level 16. HP: 82/83 MP: 19/38
 22233 | D:15     | Found a staircase to the Depths.
 22526 | D:15     | Identified the +7 chain mail of Vermicelli {rF- rC+ Dex+3
                  | Slay+2}
 22537 | D:15     | Reached skill level 17 in Spellcasting
 22692 | D:14     | Learned a level 4 spell: Dimensional Bullseye
 22697 | D:14     | Learned a level 4 spell: Anguish
 22804 | Orc:1    | Entered Level 1 of the Orcish Mines
 23014 | Orc:2    | Entered Level 2 of the Orcish Mines
 23105 | Orc:2    | Found a staircase to the Elven Halls.
 23570 | Orc:2    | Reached skill level 18 in Spellcasting
 23698 | Orc:2    | Found Juotemax's Assorted Antiques.
 23701 | Orc:2    | Found Xemilyma's Weapon Emporium.
 23702 | Orc:2    | Found Retiguz's General Store.
 23703 | Orc:2    | Found Inicur's Weapon Shoppe.
 24489 | Elf:1    | Entered Level 1 of the Elven Halls
 24495 | Elf:1    | Reached skill level 19 in Spellcasting
 24770 | Elf:1    | Reached skill level 20 in Spellcasting
 24996 | Elf:1    | Identified a scroll of acquirement
 25152 | Elf:1    | Acquired 544 gold pieces
 25325 | Elf:1    | Reached skill level 21 in Spellcasting
 25582 | Elf:1    | HP: 3/84 [+4 war axe of flaming (6)]
 25582 | Elf:1    | Demolished by a +4 war axe of flaming

Illustrated notes

Levels and vault maps discovered:
D:1:      sevenhm_arrival_forest_fort_small_3, layout_rooms
D:2:      layout_loops_corners, uniq_robin
D:3:      kb_forest_paths, layout_loops_corners,
          shapermc_ecumenical_altar_mp_ritualfount, serial_shops,
          nicolae_shop_tiny_glass, uniq_grinder
D:4:      layout_basic, gammafunk_ghost_icy, serial_shops, shop, minivault_11
D:5:      layout_layer_cave, gammafunk_temple_overflow_statue,
          mainiacjoe_overflow_concentric_impassable, uniq_pikel, uniq_sigmund
D:6:      layout_gridville, nicolae_overflow_macrodata_refinement,
          minmay_temple_entry_glassed_door
D:7:      layout_loops_ring
D:8:      layout_cave_pools, elyvilon_altar_1, st_stairs_1
D:9:      layout_cave_pools, special_room [special_room_orc],
          guppyfry_early_elven_hall, uniq_grum
D:10:     regret_index_infernal_bastille, layout_irregular_city,
          ashenzari_altar_1, mainiacjoe_overflow_surrounded_room,
          mainiacjoe_overflow_paths, enter_bailey_3, ebering_ghost_gozag
D:11:     layout_rooms, dpeg_oklobed_lair, david_orc_2,
          minmay_the_grid_square_5x5_3x3_mashed
          [minmay_the_grid_square_5x5_doubleslash,
          minmay_the_grid_square_5x5_tri_point,
          minmay_the_grid_square_5x5_half_checkered,
          minmay_the_grid_square_5x5_misaligned,
          minmay_the_grid_square_5x5_megaprize_crossed,
          minmay_the_grid_square_5x5_checkered_sparse,
          minmay_the_grid_square_5x5_pentomino_r, minmay_the_grid_square_5x5_z,
          minmay_the_grid_square_5x5_two_walls_a], uniq_erica
D:12:     layout_loops_corners, grunt_decor_one_mirror, uniq_jorgrun
D:13:     layout_roguey, portal_ice_cave_entry_imps
D:14:     layout_layer_cave, hellmonk_vaults_attempted_burglary, serial_shops,
          nicolae_shop_crystal, minmay_misc_feat_diagonals,
          nicolae_two_hexagons, minmay_three_doors
D:15:     hangedman_depths_entry_try_elsewhere_first, layout_rooms,
          serial_park_avenue1, hangedman_decor_clover_reticule
Temple:   minmay_freezing_vapour_temple
Lair:1:   layout_regular_city, ebering_ghost_rock_garden, serial_bayou_lagoon_b,
          uniq_joseph
Lair:2:   minmay_lair_venomous_thicket, layout_cave_shapes,
          mainiacjoe_swamp_entry_lozenge_pond, nicolae_quartered_pool_super,
          st_stairs_13, chequers_serial_rivers_micro_c
Lair:3:   layout_cellular_growth, spider_nest_entry_rubble, lemuel_fruit_tree,
          grunt_megastairs_5
Lair:4:   layout_regular_city, grunt_megastairs_2, infiniplex_staircase_pool
Lair:5:   evil_forest, layout_hall_layers, slime_entry_1, gammafunk_ghost_grave,
          hellmonk_guarded_unrand_vines
Orc:1:    layout_caves
Orc:2:    st_orc_pillars, layout_diamond_mine
Elf:1:    eino_elf_arrival_sip, layout_geoelf_octagon, hangedman_elf_represent

Skill      XL: |  1  2  3  4  5  6  7  8  9 10 11 12 13 14 15 16 |
---------------+-------------------------------------------------+-----
Dodging        | 3 4 8 10 | 10.0
Necromancy     | 5 6 8 10 12 14 16 | 16.0
Spellcasting   | 4 5 10 16 21 | 21.1
Summonings     | 1 2 5 9 10 13 14 | 14.0
Ranged Weapons | 3 5 9 10 13 14 | 14.0
Stealth        | 3 4 6 |  6.0
Fighting       | 4 |  4.0
Air Magic      | 4 6 8 |  8.0
Translocations | 3 4 |  4.0
Evocations     | 4 |  4.0
Hexes          | 3 8 |  8.0
Fire Magic     | 2 |  2.0
Ice Magic      | 2 |  2.0
Conjurations   | 2 |  2.0
Earth Magic    | 2 |  2.0
Alchemy        | 2 |  2.0
Shields        | 1 2 |  2.0

Action                     |  1- 3 |  4- 6 |  7- 9 | 10-12 | 13-15 | 16-18 || total
---------------------------+-------+-------+-------+-------+-------+-------++-------
  Melee: Unarmed           |     1 |       |       |       |       |       ||     1
         Dagger            |       |    25 |       |       |       |       ||    25
         Punch             |       |     1 |       |       |       |       ||     1
   Fire: Sling             |       |    28 |   224 |   411 |   790 |   148 ||  1601
   Cast: Necrotise         |    59 |    29 |       |     4 |       |       ||    92
         Animate Dead      |       |       |     6 |    12 |    26 |     9 ||    53
         Martyr's Knell    |       |       |       |     9 |    11 |     7 ||    27
         Summon Cactus Gia |       |       |       |     2 |    21 |     8 ||    31
         Vampiric Draining |       |       |       |    10 |    20 |       ||    30
         Summon Forest     |       |       |       |     1 |    12 |    13 ||    26
         Swiftness         |       |       |       |     1 |     5 |     2 ||     8
         Tukima's Dance    |       |       |       |       |     8 |     5 ||    13
         Haunt             |       |       |       |       |     5 |    15 ||    20
         Anguish           |       |       |       |       |       |    12 ||    12
         Dimensional Bulls |       |       |       |       |       |     2 ||     2
 Invoke: Unearth Wretches  |       |       |       |     5 |     5 |       ||    10
         Torment           |       |       |       |     1 |       |       ||     1
         Receive Forbidden |       |       |       |       |     1 |       ||     1
Ability: Evoke Blink       |       |       |       |     3 |     3 |     3 ||     9
    Use: Scroll            |     3 |       |     2 |    21 |    12 |     4 ||    42
         Potion            |     2 |     3 |       |       |     1 |       ||     6
 Armour: Robe              |    14 |    23 |    12 |    65 |   117 |    32 ||   263
  Dodge: Dodged            |    14 |    19 |    53 |   156 |   290 |    67 ||   599
         Repelled          |       |       |       |     4 |     8 |     3 ||    15
  Block: Buckler           |       |       |       |    43 |    91 |    21 ||   155
